Zazza, neutral female human Tourist --------------- #............... #|.............| #|............<.# #|.............| #--------------- ## # # ---------# |.......|# |.......|# |.......|# |..]....|# |......(|f |(....@.@m --------- Zazza the Rambler Experience level: 2 Strength: 11 Dexterity: 11 Constitution: 18 Intelligence: 14 Wisdom: 8 Charisma: 11 Health: 0(23) Energy: 6(6) Def: 1 Gold: 0 Moves: 2269 Dungeon seed: 53FyUhY3Q4a3ml-o Game ID: Zazza_1597860234 Your Inventory: Weapons a - 22 +2 darts (in quiver) p - 8 +0 arrows u - 7 blessed +1 darts v - a cursed -1 orcish spear B - a +0 orcish dagger (weapon in hand) J - a cursed -1 arrow Armor e - an uncursed +0 Hawaiian shirt (being worn) n - an uncursed +0 helmet (being worn) r - an uncursed +0 orcish helm y - an uncursed +0 orcish helm N - an uncursed +0 orcish helm Comestibles b - an uncursed egg c - 4 uncursed food rations f - an uncursed slime mold g - an uncursed orange h - an uncursed tripe ration s - 2 uncursed lembas wafers X - an uncursed food ration Z - 2 uncursed tripe rations Scrolls q - 2 blessed scrolls of magic mapping H - an uncursed scroll of teleportation Spellbooks D - an uncursed spellbook of jumping Potions i - 2 uncursed potions of extra healing o - an uncursed potion of see invisible t - a cursed potion of oil E - a cursed potion of extra healing L - an uncursed potion of full healing Tools k - an uncursed skeleton key l - an expensive camera (0:34) C - an uncursed oilskin sack M - an uncursed stethoscope P - an uncursed magic whistle S - an uncursed towel T - a blessed magic lamp U - an uncursed bag of holding V - a cursed magic lamp Gems F - an uncursed fluorite stone G - an uncursed worthless piece of yellow glass Y - an uncursed jasper stone Contents of the bag of holding: 10 +0 darts Spells and supernatural/magical abilities: Name Level Category Fail Memory W - pray for help -- divine ? -- Your skills at the end: Fighting Skills Weapon Skills dart [Basic] Spellcasting Skills Final Attributes: You were stridently aligned. You were held by a large mimic. You are dead. Vanquished creatures: a shrieker a little dog 5 coyotes 2 large kobolds a hobgoblin 2 gnomes a gnome zombie 2 geckos 6 jackals a fox 2 kobolds 4 goblins a sewer rat 2 grid bugs 4 lichens 10 newts 45 creatures vanquished. Voluntary challenges: You used a wielded weapon 27 times, starting on turn 1378. You read items or engraved 10 times, starting on turn 208. You never genocided any monsters. You never polymorphed an object. You never changed form. You used no wishes. You never split a pudding. You wrote Elbereth's name 3 times, starting on turn 2039. You never violated your personal moral code. Dungeon overview: The Dungeons of Doom: levels 1 to 5 Level 1 an altar to Offler a long staircase Level 2 a long staircase Level 3 some fountains Level 4 Level 5 <- You were here a hardware shop History has recorded: On T:1 you entered the Dungeons of Doom to retrieve the Amulet of Yendor! On T:342 you reached level 2 of The Dungeons of Doom. On T:841 you reached level 3 of The Dungeons of Doom. On T:1404 you advanced to experience level 2. On T:1460 you reached level 4 of The Dungeons of Doom. On T:1921 you reached level 5 of The Dungeons of Doom. Score breakdown: Gold: 0 ( 0 points) Experience: 2 levels ( 5570 points) Exploration: 5 levels ( 10.64%) ( 8846 points) Discoveries: 10 items ( 3.36%) ( 5495 points) Valuables value: (no points given unless you survive) Artifact value: 0 ( 0 points) Variety of kills: 16 monsters ( 4.20%) ( 6147 points) Turncount: 2269 turns ( -187 points) Survival: died (score multiplied by 80%) Total score: 20696 Latest messages: Status of the large mimic (neutral): Level 7 HP 7(29) Def 3, holding you. You hit the large mimic. Status of the large mimic (neutral): Level 7 HP 6(29) Def 3, holding you. You write in the dust with your fingers. There is an open door here. Something is written here in the dust. You read: "Elbereth". You get released! The large mimic mimics a chicken for a moment! You hit the large mimic. You miss the large mimic. You hit the large mimic. Status of the large mimic (neutral): Level 7 HP 4(29) Def 3. You miss the large mimic. The large mimic hits! You die... Rewuorb gratefully inherits all your possessions. Final status: Aloha Zazza the Tourist, killed by a large mimic... You died in The Dungeons of Doom on dungeon level 5 with 20696 points, and 0 pieces of gold, after 2269 moves. You were level 2 with a maximum of 23 hit points when you died.